 Dungeon Crawl Stone Soup version 0.31-a0-263-ge8cad7f256 (webtiles) character file.

Game seed: 7189322490531683139

135 qw the Shooter (level 4, -4/33 (37) HPs)
             Began as a Minotaur Hexslinger on July 13, 2023.
             Slain by an orc
             ... wielding a +2 flail of draining
              (6 damage)
             ... on level 3 of the Dungeon.
             The game lasted 00:00:40 (1790 turns).

qw the Shooter (Minotaur Hexslinger)                Turns: 1790, Time: 00:00:41

HP:   -4/33 (37)    AC:  6    Str: 13    XL:     4   Next: 97%
MP:   4/4           EV: 12    Int: 10    God:
Gold: 196           SH:  5    Dex: 14    Spells: 4/5 levels left

rFire   . . .        Y - +2 sling
rCold   + . .        (no shield)
rNeg    . . .        c - +0 robe
rPois   .            (helmet restricted)
rElec   .            (no cloak)
rCorr   .            (no gloves)
SInv    .            (no boots)
Will    .....        h - amulet of reflection
Stlth   +            d - ring of protection from cold
HPRegen 0.25/turn    g - +4 ring of protection
MPRegen 0.09/turn

%: reflection
@: heavily drained
A: horns 2, retaliatory headbutt
a: no special abilities


You were on level 3 of the Dungeon.
You visited 1 branch of the dungeon, and saw 3 of its levels.

You collected 196 gold pieces.


Innate Abilities, Weirdness & Mutations

You have a pair of horns on your head.
You reflexively headbutt those who attack you in melee.


   Skills:
 + Level 2.9 Fighting
 - Level 5.1 Ranged Weapons
 - Level 2.1 Dodging
 - Level 1.0 Spellcasting
 - Level 2.0 Hexes


You had 4 spell levels left.
You knew the following spells:

 Your Spells              Type           Power      Damage    Failure   Level
a - Slow                  Hex            16%        N/A       16%         1

Your spell library contained the following spells:

 Spells                   Type           Power      Damage    Failure   Level
 Inner Flame              Hex/Fire       2%         N/A       56%         3
 Portal Projectile        Hex/Tloc       4%         N/A       56%         3
 Cause Fear               Hex            2%         N/A       83%         4

Inventory:

Hand Weapons
 Y - a +2 sling (weapon)
Armour
 c - a +0 robe (worn)
 k - a +0 leather armour
Jewellery
 d - a ring of protection from cold (left hand)
 g - a +4 ring of protection (right hand)
 h - an amulet of reflection (around neck)
 i - a ring of protection from fire
Scrolls
 a - a scroll of identify
 b - a scroll of revelation {unknown}
Potions
 e - 2 potions of cancellation {unknown}
 f - a potion of heal wounds {unknown}
 j - a potion of mutation {unknown}
 l - a potion of curing {unknown}

Dungeon Overview and Level Annotations

Branches:
Dungeon (3/15)

Altars:

Portals:
Sewer: D:3


Message History

The sling bullet hits the orc but does no damage.
A nearby fungus withers and dies.
The orc closely misses you.
You shoot a sling bullet. The sling bullet barely misses the orc.
Something hits you.
The orc hits the fungus with a +2 flail of draining.
You shoot a sling bullet. The sling bullet hits the orc.
The orc is severely wounded.
A nearby fungus withers and dies.
Something hits you but does no damage.
You shoot a sling bullet. The sling bullet barely misses the orc.
The sling bullet hits the fungus.
The fungus begins to die.
The fungus is lightly damaged.
Something hits you. You block the orc's attack.
You shoot a sling bullet.
The sling bullet closely misses the orc.
The sling bullet hits the fungus.
The fungus is lightly damaged.
The orc hits you but does no damage.
You feel drained. Something hits you but does no damage.
You shoot a sling bullet. The sling bullet hits the orc.
The orc is almost dead.
Something hits you.
The orc hits you with a +2 flail of draining!
You feel drained.
You shoot a sling bullet.
The sling bullet hits the orc but does no damage.
The orc is almost dead.
You block the orc's attack. Something completely misses you.
You shoot a sling bullet. The sling bullet barely misses the orc.
The sling bullet hits the fungus.
The fungus is lightly damaged.
You hear the brisk rusting of a very distant drain.
A nearby fungus withers and dies.
The orc hits you with a +2 flail of draining.
You feel drained. Something hits you.
You shoot a sling bullet.
The sling bullet closely misses the orc.
The orc hits you with a +2 flail of draining.
You feel drained. Something hits you but does no damage.
The orc hits you with a +2 flail of draining.
You die...

..........#........'....
...............>####....
##.....#...#.#.# #####
#.###.#####.#.# #
#.#####(#.# #
#.......#.# #####
#.PPPPP##.# #....
#.P$$$P##.# #....
#@P$$$P##.# #....
#{o$$$P##.# #....
.o..PPP##.# #....
....######.# ##...
.....######.#####...
.....................
#....#.######.#####...
#.... .# #.# #... #.#
#...


You could see 2 orcs.

Vanquished Creatures
  A jelly (D:3)
  An orc wizard (D:3)
  3 adders
  2 dart slugs
  7 orcs (D:3)
  5 endoplasms (D:1)
  A giant cockroach (D:1)
  2 goblins (D:1)
  3 hobgoblins
  3 jackals (D:1)
  A quokka (D:1)
  4 ball pythons
  4 bats
  5 kobolds
  3 rats
45 creatures vanquished.

Notes
Turn   | Place    | Note
-------+----------+-------------------------------------------
     0 | D:1      | qw the Minotaur Hexslinger began the quest for the Orb.
     0 | D:1      | Reached XP level 1. HP: 16/16 MP: 1/1
     0 | D:1      | 0 ||| qw: Version: 0.3-a-52-g30416fa
     0 | D:1      | 0 ||| qw: Game counter: 7131
     0 | D:1      | 0 ||| qw: Melee chars always use a shield: true
     0 | D:1      | 0 ||| qw: God list: Okawaru
     0 | D:1      | 0 ||| qw: Allow faded altars: false
     0 | D:1      | 0 ||| qw: Do Orc after clearing Dungeon:15 true
     0 | D:1      | 0 ||| qw: Do second Lair branch before Depths: true
     0 | D:1      | 0 ||| qw: Lair rune preference: random
     0 | D:1      | 0 ||| qw: Goals: Normal
     0 | D:1      | 0 ||| PLANNING D:1-11
   143 | D:1      | Reached skill level 3 in Ranged Weapons
   192 | D:1      | Reached XP level 2. HP: 23/23 MP: 2/2
   682 | D:1      | 682 ||| UPGRADING to amulet of reflection.
   687 | D:1      | 687 ||| UPGRADING to ring of protection from cold.
   688 | D:1      | 688 ||| UPGRADING to +4 ring of protection.
   689 | D:1      | 689 ||| READING scroll labelled TUPPEO JORGH.
   690 | D:1      | 690 ||| READING scroll labelled VYSHRE YTHRU.
   691 | D:1      | 691 ||| READING scroll labelled KIPRAIXZAN.
   692 | D:1      | 692 ||| DROPPING scroll of poison.
   711 | D:2      | Reached XP level 3. HP: 29/29 MP: 3/3
   895 | D:2      | Reached skill level 4 in Ranged Weapons
  1316 | D:2      | 1316 ||| DROPPING amulet of the acrobat.
  1317 | D:2      | 1317 ||| READING 3 scrolls labelled OMEF DALUEPPY.
  1418 | D:2      | 1418 ||| READING scroll labelled OMPIHOSHRAOJI.
  1419 | D:2      | 1419 ||| DROPPING 2 scrolls of silence.
  1445 | D:3      | 1445 ||| PLANNING SEWER
  1506 | D:3      | Found a glowing drain.
  1530 | D:3      | Reached XP level 4. HP: 36/36 MP: 4/4
  1588 | D:3      | Reached skill level 5 in Ranged Weapons
  1789 | D:3      | HP: 8/35 [orc/+2 flail of draining (4)]
  1790 | D:3      | HP: 3/34 [orc/+2 flail of draining (3)]
  1790 | D:3      | Slain by an orc

Levels and vault maps discovered:
D:1:      amcnicky_arrival_feature_with_door, layout_basic
D:2:      layout_loops_ring
D:3:      layout_basic, cheibrodos_sewer_entry_bend, minivault_24,
          minmay_gold_behind_fungi, glass_columns_b

Skill      XL: |  1  2  3  4 |
---------------+-------------+-----
Ranged Weapons | 3 4 5 |  5.1
Fighting       | 2 |  2.9
Dodging        | |  2.1
Spellcasting   | |  1.0
Hexes          | |  2.0

Action                     |  1- 3 |  4- 6 || total
---------------------------+-------+-------++-------
   Fire: Sling             |   112 |    43 ||   155
    Use: Scroll            |     5 |       ||     5
 Armour: Robe              |     9 |     4 ||    13
  Dodge: Dodged            |    20 |     3 ||    23
  Block: Other             |     3 |     2 ||     5

Table legend:
 A = Non-vault XP
 B = Vault XP
 C = Vault XP percentage of total XP
 D = Non-vault monster count
 E = Vault monster count
 F = Vault count percentage of total count
                 A         B        C        D         E       F
            +---------+---------+-------+---------+---------+-------
      Total |     194 |       0 |   0.0 |      45 |       0 |   0.0
            +---------+---------+-------+---------+---------+-------
        D:1 |      37 |       0 |   0.0 |      20 |       0 |   0.0
        D:2 |      41 |       0 |   0.0 |      11 |       0 |   0.0
        D:3 |     116 |       0 |   0.0 |      14 |       0 |   0.0
            +---------+---------+-------+---------+---------+-------
